Vancouver Canucks vs New York Rangers
Created - Wednesday, November 13, 2024 at 07:52
Goals
|
| Vancouver Canucks |
0 |
2 |
0 |
0 |
0 |
2 |
| New York Rangers |
1 |
0 |
1 |
0 |
1 |
3 |
|
Shots
|
| Vancouver Canucks |
8 |
8 |
10 |
1 |
3 |
27 |
| New York Rangers |
15 |
9 |
12 |
2 |
3 |
38 |
|
1st period
1. New York Rangers , Nathan MacKinnon 29 (Artemi Panarin 31, Dmitry Kulikov 4) at 10:22
Penalties :
Brendan Smith (NYR) for Holding (Minor) at 2:17
2nd period
2. Vancouver Canucks , Noah Hanifin 6 (Artturi Lehkonen 34, Casey Mittelstadt 39) at 10:07 (PP)
3. Vancouver Canucks , Anton Lundell 11 (Taylor Raddysh 15, Miro Heiskanen 30) at 10:17
Penalties :
Jake Walman (NYR) for Interference (Minor) at 10:01, Jacob Bernard-Docker (VAN) for Tripping (Minor) at 13:33
3rd period
4. New York Rangers , Teuvo Teravainen 21 (Dylan Strome 38, Mathew Barzal 25) at 1:10
Penalties :
Mikko Rantanen (VAN) for High sticking (Minor) at 5:05, Jake McCabe (NYR) for Slashing (Minor) at 17:15
Overtime #1
No Goal
Penalties :
No Penalty
Shootout
Vancouver Canucks, Aleksander Barkov - Stopped by Igor Shesterkin
New York Rangers, Cole Caufield - Stopped by Joonas Korpisalo
Vancouver Canucks, Mikko Rantanen - Stopped by Igor Shesterkin
New York Rangers, Artemi Panarin - Shot Misses the Net
Vancouver Canucks, Clayton Keller - Stopped by Igor Shesterkin
New York Rangers, David Kampf - Goal!
Penalties :
No Penalty
Goalie Stats
Joonas Korpisalo (VAN), 36 saves from 38 shots - (0.947), OTL, 14-10-8, 65:00 minutes
Igor Shesterkin (NYR), 25 saves from 27 shots - (0.926), W, 27-15-8, 65:00 minutes
Players Stats for Vancouver Canucks
Player Name G A P +/- PIM S H SB GA TA FO MP PP MP PK MP
------------------------------------------------------------------------------------
Aleksander Barkov 0 0 0 -2 0 5 2 0 1 1 7/20 20:19 2:02 1:58
Anton Lundell 1 0 1 1 0 1 1 0 1 0 6/15 15:11 0:00 2:00
Artturi Lehkonen 0 1 1 1 0 2 2 0 0 1 0/0 17:20 2:02 2:00
Casey Mittelstadt 0 1 1 0 0 3 0 0 0 0 9/20 18:34 2:02 0:00
Clayton Keller 0 0 0 0 0 1 1 1 0 0 0/0 18:30 2:02 0:00
Emil Martinsen Lilleberg 0 0 0 0 0 1 3 2 0 0 0/0 23:19 2:03 2:30
Jacob Bernard-Docker 0 0 0 0 2 1 1 2 0 1 0/0 16:35 0:00 0:49
Jake Bean 0 0 0 -1 0 0 1 0 0 1 0/0 19:54 2:03 0:00
Jesperi Kotkaniemi 0 0 0 0 0 1 1 0 1 0 1/2 10:56 0:00 0:00
Justin Schultz 0 0 0 -1 0 0 0 0 1 0 0/0 15:24 0:00 0:00
Kasperi Kapanen 0 0 0 -2 0 0 2 0 0 0 0/1 13:49 0:00 0:00
Matias Maccelli 0 0 0 -2 0 2 0 1 3 0 0/0 14:45 0:00 0:00
Mikko Rantanen 0 0 0 0 2 3 1 0 2 0 0/0 19:01 2:02 0:00
Miro Heiskanen 0 1 1 0 0 1 0 1 0 1 0/0 27:30 2:01 1:58
Noah Hanifin 1 0 1 0 0 2 3 2 0 0 0/0 28:28 2:01 2:39
Robby Fabbri 0 0 0 0 0 2 0 0 0 1 0/0 9:44 0:00 0:00
Taylor Raddysh 0 1 1 1 0 2 1 0 0 0 1/2 14:09 2:02 0:00
Ty Dellandrea 0 0 0 0 0 0 0 0 0 0 0/1 12:32 0:00 1:58
Players Stats for New York Rangers
Player Name G A P +/- PIM S H SB GA TA FO MP PP MP PK MP
------------------------------------------------------------------------------------
Adam Larsson 0 0 0 1 0 1 1 2 0 0 0/0 23:28 0:00 2:13
Artemi Panarin 0 1 1 0 0 2 0 0 1 0 0/0 20:02 2:31 0:00
Brendan Smith 0 0 0 1 2 1 0 3 0 0 0/0 21:49 0:00 0:36
Cam Fowler 0 0 0 -1 0 1 0 2 0 3 0/0 25:47 2:02 2:24
Cole Caufield 0 0 0 0 0 5 0 0 0 0 0/0 14:31 1:27 0:17
Conor Garland 0 0 0 0 0 0 1 0 1 0 0/0 9:50 0:00 0:00
David Kampf 0 0 0 0 0 0 0 0 0 0 1/4 11:49 0:00 1:59
Dmitry Kulikov 0 1 1 1 0 2 2 1 0 0 0/0 14:03 0:00 0:00
Dylan Strome 0 1 1 1 0 2 1 2 1 0 17/23 18:53 1:27 0:00
Jake McCabe 0 0 0 -1 2 2 2 3 0 0 0/0 22:21 0:00 1:01
Jake Walman 0 0 0 1 2 1 1 3 0 1 0/0 18:27 1:56 1:54
Joe Pavelski 0 0 0 0 0 1 0 0 0 0 6/11 14:08 1:27 0:00
Marcus Foligno 0 0 0 0 0 4 1 1 0 1 0/0 11:34 0:00 1:39
Mathew Barzal 0 1 1 1 0 1 4 1 2 1 1/1 17:32 2:31 0:00
Mikael Granlund 0 0 0 0 0 0 0 0 0 1 1/2 17:35 1:56 1:45
Nathan MacKinnon 1 0 1 0 0 7 2 0 1 1 9/17 20:02 2:31 0:00
Nikolaj Ehlers 0 0 0 0 0 2 0 1 0 0 1/2 15:02 2:02 0:29
Teuvo Teravainen 1 0 1 1 0 6 0 1 0 1 1/1 19:00 0:00 1:59
3 Stars
1 - Joonas Korpisalo (VAN)
2 - Mathew Barzal (NYR)
3 - Teuvo Teravainen (NYR)
Power Play
Vancouver Canucks - 1 on 3 Attempt(s) - 33.33%
New York Rangers - 0 on 2 Attempt(s) - 0.00%
Penalty Kill
Vancouver Canucks - 2 on 2 Attempt(s) - 100.00%
- Score 0 goal in Penalty Kill
New York Rangers - 2 on 3 Attempt(s) - 66.67%
- Score 0 goal in Penalty Kill
Team Stat
Vancouver Canucks - Hits : 19 - Faceoff Wins : 24 - Blocked Shots : 9 - Penalty Minutes : 4
New York Rangers - Hits : 15 - Faceoff Wins : 37 - Blocked Shots : 20 - Penalty Minutes : 6
Official
Referees : Peter Macdougall and Francis Charron
Linesman : Ryan Jackson and Libor Suchanek
Game Notes
No Game Note
Finance
Level 1 -- Attendance: 5008 (83.47%) -- Ticket Income $510,816
Level 2 -- Attendance: 3485 (69.70%) -- Ticket Income $219,555
Level 3 -- Attendance: 2010 (67.00%) -- Ticket Income $82,410
Level 4 -- Attendance: 3350 (67.00%) -- Ticket Income $93,800
Luxury Box -- Attendance: 791 (79.10%) -- Ticket Income $154,245
Game was played at the Madison Square Garden.
Total Attendance: 14644 (73.22%)
Total Ticket Income: $1,060,826
Other Income: $371,289
Total Income: $1,432,115
Vancouver Canucks
5 vs 5 Forward
Center Left Wing Right Wing Time % Phy DF OF
1 Casey Mittelstadt Clayton Keller Mikko Rantanen 30 1 2 2
2 Aleksander Barkov Matias Maccelli Kasperi Kapanen 30 1 2 2
3 Anton Lundell Artturi Lehkonen Taylor Raddysh 25 1 2 2
4 Jesperi Kotkaniemi Robby Fabbri Ty Dellandrea 15 1 2 2
5 vs 5 Defense
Defense Defense Time % Phy DF OF
1 Noah Hanifin Miro Heiskanen 30 1 2 2
2 Jake Bean Justin Schultz 30 1 2 2
3 Emil Martinsen Lilleberg Jacob Bernard-Docker 25 1 2 2
4 Noah Hanifin Miro Heiskanen 15 1 2 2
PowerPlay Forward
Center Left Wing Right Wing Time % Phy DF OF
1 Aleksander Barkov Clayton Keller Mikko Rantanen 50 1 2 2
2 Casey Mittelstadt Artturi Lehkonen Taylor Raddysh 50 1 2 2
PowerPlay Defense
Defense Defense Time % Phy DF OF
1 Noah Hanifin Miro Heiskanen 50 1 2 2
2 Jake Bean Emil Martinsen Lilleberg 50 1 2 2
Penalty Kill 4 Players Forward
Center Wing Time % Phy DF OF
1 Aleksander Barkov Ty Dellandrea 50 1 2 2
2 Anton Lundell Artturi Lehkonen 50 1 2 2
Penalty Kill 4 Players Defense
Defense Defense Time % Phy DF OF
1 Noah Hanifin Jacob Bernard-Docker 50 1 2 2
2 Emil Martinsen Lilleberg Miro Heiskanen 50 1 2 2
Penalty Kill - 3 Players Forward
Forward Time % Phy DF OF
1 Aleksander Barkov 50 1 2 2
2 Ty Dellandrea 50 1 2 2
Penalty Kill - 3 Players Defense
Defense Defense Time % Phy DF OF
1 Noah Hanifin Jacob Bernard-Docker 50 1 2 2
2 Emil Martinsen Lilleberg Miro Heiskanen 50 1 2 2
4 vs 4 Forward
Center Wing Time % Phy DF OF
1 Casey Mittelstadt Mikko Rantanen 50 1 2 2
2 Aleksander Barkov Clayton Keller 50 1 2 2
4 vs 4 Defense
Defense Defense Time % Phy DF OF
1 Noah Hanifin Miro Heiskanen 50 1 2 2
2 Jake Bean Emil Martinsen Lilleberg 50 1 2 2
Last Minutes Offensive
Center Left Wing Right Wing Defense Defense
Aleksander Barkov Clayton Keller Mikko Rantanen Noah Hanifin Miro Heiskanen
Last Minutes Defensive
Center Left Wing Right Wing Defense Defense
Aleksander Barkov Clayton Keller Mikko Rantanen Noah Hanifin Miro Heiskanen
Goaltenders
Starting : Joonas Korpisalo
Backup : Justus Annunen
Extra Forwards
Normal : Matias Maccelli, Mikko Rantanen, Jesperi Kotkaniemi - PP : Matias Maccelli, Anton Lundell - PK : Jesperi Kotkaniemi
Extra Defensemen
Normal : Jake Bean, Miro Heiskanen, Emil Martinsen Lilleberg - PP : Jake Bean - PK : Noah Hanifin, Emil Martinsen Lilleberg
Penalty Shots
Aleksander Barkov, Mikko Rantanen, Clayton Keller, Artturi Lehkonen, Casey Mittelstadt
Scratches
Adam Boqvist (Left Foot Injury), Jesse Ylonen (Healthy), Jacob Bryson (Healthy), Nathan Smith (Healthy), Ville Husso (Healthy)
New York Rangers
5 vs 5 Forward
Center Left Wing Right Wing Time % Phy DF OF
1 Nathan MacKinnon Artemi Panarin Mikael Granlund 30 0 2 3
2 Dylan Strome Teuvo Teravainen Mathew Barzal 30 0 2 3
3 Joe Pavelski Cole Caufield Nikolaj Ehlers 25 1 2 2
4 David Kampf Conor Garland Marcus Foligno 15 1 3 1
5 vs 5 Defense
Defense Defense Time % Phy DF OF
1 Cam Fowler Jake McCabe 39 1 2 2
2 Adam Larsson Brendan Smith 35 1 2 2
3 Dmitry Kulikov Jake Walman 26 1 2 2
4 Cam Fowler Jake McCabe 0 1 2 2
PowerPlay Forward
Center Left Wing Right Wing Time % Phy DF OF
1 Nathan MacKinnon Artemi Panarin Mathew Barzal 50 0 1 4
2 Dylan Strome Joe Pavelski Cole Caufield 50 0 1 4
PowerPlay Defense
Defense Defense Time % Phy DF OF
1 Jake Walman Mikael Granlund 50 0 2 3
2 Cam Fowler Nikolaj Ehlers 50 0 2 3
Penalty Kill 4 Players Forward
Center Wing Time % Phy DF OF
1 David Kampf Teuvo Teravainen 50 1 3 1
2 Mikael Granlund Marcus Foligno 50 1 3 1
Penalty Kill 4 Players Defense
Defense Defense Time % Phy DF OF
1 Cam Fowler Jake McCabe 50 1 3 1
2 Jake Walman Brendan Smith 50 1 3 1
Penalty Kill - 3 Players Forward
Forward Time % Phy DF OF
1 Mikael Granlund 50 1 4 0
2 David Kampf 50 1 4 0
Penalty Kill - 3 Players Defense
Defense Defense Time % Phy DF OF
1 Cam Fowler Jake McCabe 50 1 3 1
2 Jake Walman Brendan Smith 50 1 3 1
4 vs 4 Forward
Center Wing Time % Phy DF OF
1 Nathan MacKinnon Artemi Panarin 50 1 2 2
2 Dylan Strome Teuvo Teravainen 50 1 2 2
4 vs 4 Defense
Defense Defense Time % Phy DF OF
1 Cam Fowler Jake McCabe 50 1 2 2
2 Adam Larsson Brendan Smith 50 1 2 2
Last Minutes Offensive
Center Left Wing Right Wing Defense Defense
Nathan MacKinnon Artemi Panarin Mathew Barzal Cam Fowler Jake McCabe
Last Minutes Defensive
Center Left Wing Right Wing Defense Defense
David Kampf Marcus Foligno Mikael Granlund Brendan Smith Jake Walman
Goaltenders
Starting : Igor Shesterkin
Backup : Kevin Lankinen
Extra Forwards
Normal : Dylan Strome, Cole Caufield, Nikolaj Ehlers - PP : Dylan Strome, Cole Caufield - PK : Nikolaj Ehlers
Extra Defensemen
Normal : Dmitry Kulikov, Jake Walman, Adam Larsson - PP : Dmitry Kulikov - PK : Jake Walman, Adam Larsson
Penalty Shots
Cole Caufield, Artemi Panarin, David Kampf, Nathan MacKinnon, Joe Pavelski
Scratches
Matthew Benning (Healthy)
% Time on Ice - Vancouver Canucks
Lines # - Real PCT - Wanted PCT - Time Play
Normal Forward
1 - 29% - 30% - 15:07
2 - 29% - 30% - 15:07
3 - 23% - 25% - 12:00
4 - 19% - 15% - 9:44
Normal Defense
1 - 28% - 30% - 14:28
2 - 32% - 30% - 16:35
3 - 27% - 25% - 14:08
4 - 13% - 15% - 6:47
PP Forward
1 - 50% - 50% - 2:02
2 - 50% - 50% - 2:02
PP Defense
1 - 50% - 50% - 2:01
2 - 50% - 50% - 2:03
PK Forward
1 - 50% - 50% - 1:58
2 - 50% - 50% - 2:00
PK Defense
1 - 67% - 50% - 2:39
2 - 33% - 50% - 1:19
PK3 Forward
1 - 0% - 50%
2 - 0% - 50%
PK3 Defense
1 - 0% - 50%
2 - 0% - 50%
44 Forward
1 - 45% - 50% - 2:15
2 - 55% - 50% - 2:45
44 Defense
1 - 51% - 50% - 2:33
2 - 49% - 50% - 2:27
Last Minute Offensive - 0:00
Last Minute Defensive - 0:00
Total
Forward - 65:00
Defense - 65:00
|
% Time on Ice - New York Rangers
Lines # - Real PCT - Wanted PCT - Time Play
Normal Forward
1 - 29% - 30% - 15:19
2 - 28% - 30% - 14:21
3 - 24% - 25% - 12:28
4 - 19% - 15% - 9:50
Normal Defense
1 - 37% - 39% - 19:12
2 - 36% - 35% - 18:43
3 - 27% - 26% - 14:03
4 - 0% - 0% - 0:00
PP Forward
1 - 63% - 50% - 2:31
2 - 37% - 50% - 1:27
PP Defense
1 - 49% - 50% - 1:56
2 - 51% - 50% - 2:02
PK Forward
1 - 49% - 50% - 1:59
2 - 51% - 50% - 2:05
PK Defense
1 - 73% - 50% - 2:57
2 - 27% - 50% - 1:07
PK3 Forward
1 - 0% - 50%
2 - 0% - 50%
PK3 Defense
1 - 0% - 50%
2 - 0% - 50%
44 Forward
1 - 45% - 50% - 2:15
2 - 55% - 50% - 2:45
44 Defense
1 - 46% - 50% - 2:18
2 - 54% - 50% - 2:42
Last Minute Offensive - 0:00
Last Minute Defensive - 0:00
Total
Forward - 65:00
Defense - 65:00
|
Play-by-Play
1st period
0:01 of 1st period - Mikael Granlund wins face-off versus Casey Mittelstadt in neutral zone.
1:01 of 1st period - Snap shot by Joe Pavelski.
1:01 of 1st period - Shot Misses the Net.
1:13 of 1st period - Wrist shot by Artturi Lehkonen.
1:13 of 1st period - Stopped by Igor Shesterkin with a rebound.
1:15 of 1st period - Snap shot by Artturi Lehkonen.
1:15 of 1st period - Stopped by Igor Shesterkin without a rebound.
1:16 of 1st period - Anton Lundell wins face-off versus Dylan Strome in New York Rangers zone.
1:21 of 1st period - Wrist shot by Artturi Lehkonen.
1:21 of 1st period - Shot Blocked by Mathew Barzal.
1:27 of 1st period - Jake Walman is hit by Taylor Raddysh and loses puck.
1:46 of 1st period - Wrist shot by Nathan MacKinnon.
1:46 of 1st period - Stopped by Joonas Korpisalo without a rebound.
1:47 of 1st period - Joe Pavelski wins face-off versus Aleksander Barkov in Vancouver Canucks zone.
1:54 of 1st period - Snap shot by Cole Caufield.
1:54 of 1st period - Deflect By Nikolaj Ehlers.
1:54 of 1st period - Shot Misses the Net.
1:54 of 1st period - Puck is out of play.
1:55 of 1st period - Joe Pavelski wins face-off versus Casey Mittelstadt in Vancouver Canucks zone.
2:00 of 1st period - Slapshot by Cole Caufield.
2:00 of 1st period - Stopped by Joonas Korpisalo with a rebound.
2:06 of 1st period - Brendan Smith is hit by Emil Martinsen Lilleberg and loses puck.
2:11 of 1st period - Wrist shot by Casey Mittelstadt.
2:11 of 1st period - Stopped by Igor Shesterkin with a rebound.
2:17 of 1st period - Minor Penalty to Brendan Smith for Holding.
2:18 of 1st period - David Kampf wins face-off versus Aleksander Barkov in New York Rangers zone.
3:57 of 1st period - Icing by Artturi Lehkonen.
3:58 of 1st period - Casey Mittelstadt wins face-off versus Nikolaj Ehlers in Vancouver Canucks zone.
4:17 of 1st period - Penalty to Brendan Smith is over, Brendan Smith is back on ice.
4:27 of 1st period - Snap shot by Joe Pavelski.
4:27 of 1st period - Stopped by Joonas Korpisalo with a rebound.
4:33 of 1st period - Noah Hanifin is hit by Adam Larsson and loses puck.
5:11 of 1st period - Wrist shot by Dylan Strome.
5:11 of 1st period - Shot Blocked by Clayton Keller.
5:52 of 1st period - Teuvo Teravainen is hit by Artturi Lehkonen.
5:58 of 1st period - Snap shot by Teuvo Teravainen.
5:58 of 1st period - Stopped by Joonas Korpisalo without a rebound.
5:59 of 1st period - Casey Mittelstadt wins face-off versus Nathan MacKinnon in Vancouver Canucks zone.
6:26 of 1st period - Artturi Lehkonen is hit by Jake McCabe.
8:23 of 1st period - Ty Dellandrea is hit by Marcus Foligno.
8:27 of 1st period - Wrist shot by Robby Fabbri.
8:27 of 1st period - Shot Misses the Net.
8:33 of 1st period - Emil Martinsen Lilleberg is hit by Conor Garland and loses puck.
9:12 of 1st period - Noah Hanifin is hit by Jake McCabe and loses puck.
9:16 of 1st period - Icing by Noah Hanifin.
9:17 of 1st period - Jesperi Kotkaniemi wins face-off versus Nathan MacKinnon in Vancouver Canucks zone.
9:31 of 1st period - Jacob Bernard-Docker is hit by Dmitry Kulikov and loses puck.
10:10 of 1st period - Snap shot by Jesperi Kotkaniemi.
10:10 of 1st period - Stopped by Igor Shesterkin without a rebound.
10:11 of 1st period - Aleksander Barkov wins face-off versus Nathan MacKinnon in New York Rangers zone.
10:22 of 1st period - Slapshot by Nathan MacKinnon.
10:22 of 1st period - Goal by Nathan MacKinnon - Vancouver Canucks : 0 - New York Rangers : 1.
10:23 of 1st period - Dylan Strome wins face-off versus Casey Mittelstadt in neutral zone.
10:28 of 1st period - Snap shot by Teuvo Teravainen.
10:28 of 1st period - Stopped by Joonas Korpisalo with a rebound.
10:34 of 1st period - Snap shot by Dylan Strome.
10:34 of 1st period - Shot Blocked by Noah Hanifin.
10:50 of 1st period - Mikael Granlund is hit by Aleksander Barkov and loses puck.
10:57 of 1st period - Snap shot by Aleksander Barkov.
10:57 of 1st period - Stopped by Igor Shesterkin without a rebound.
10:58 of 1st period - Nathan MacKinnon wins face-off versus Aleksander Barkov in New York Rangers zone.
11:14 of 1st period - Snap shot by Matias Maccelli.
11:14 of 1st period - Shot Misses the Net.
11:33 of 1st period - Snap shot by Mikko Rantanen.
11:33 of 1st period - Deflect By Clayton Keller.
11:33 of 1st period - Shot Blocked by Brendan Smith.
11:33 of 1st period - Puck is out of play.
11:34 of 1st period - Joe Pavelski wins face-off versus Aleksander Barkov in New York Rangers zone.
12:22 of 1st period - Slapshot by Artemi Panarin.
12:22 of 1st period - Shot Misses the Net.
13:54 of 1st period - Slapshot by Anton Lundell.
13:54 of 1st period - Shot Misses the Net.
14:10 of 1st period - Wrist shot by Aleksander Barkov.
14:10 of 1st period - Stopped by Igor Shesterkin without a rebound.
14:11 of 1st period - Aleksander Barkov wins face-off versus Joe Pavelski in New York Rangers zone.
15:15 of 1st period - Brendan Smith is hit by Aleksander Barkov and loses puck.
15:47 of 1st period - Off-side.
15:48 of 1st period - Dylan Strome wins face-off versus Jesperi Kotkaniemi in neutral zone.
15:57 of 1st period - Wrist shot by Dylan Strome.
15:57 of 1st period - Deflect By Mathew Barzal.
15:57 of 1st period - Shot Blocked by Jacob Bernard-Docker.
15:57 of 1st period - Puck is out of play.
15:58 of 1st period - Dylan Strome wins face-off versus Casey Mittelstadt in Vancouver Canucks zone.
16:03 of 1st period - Snap shot by Dylan Strome.
16:03 of 1st period - Stopped by Joonas Korpisalo without a rebound.
16:04 of 1st period - Dylan Strome wins face-off versus Casey Mittelstadt in Vancouver Canucks zone.
16:09 of 1st period - Snap shot by Mathew Barzal.
16:09 of 1st period - Shot Misses the Net.
17:04 of 1st period - Wrist shot by Mikko Rantanen.
17:04 of 1st period - Stopped by Igor Shesterkin with a rebound.
17:06 of 1st period - Slapshot by Casey Mittelstadt.
17:06 of 1st period - Stopped by Igor Shesterkin without a rebound.
17:07 of 1st period - Mathew Barzal wins face-off versus Aleksander Barkov in New York Rangers zone.
18:02 of 1st period - Wrist shot by Jesperi Kotkaniemi.
18:02 of 1st period - Shot Blocked by Jake McCabe.
18:12 of 1st period - Slapshot by Cole Caufield.
18:12 of 1st period - Stopped by Joonas Korpisalo with a rebound.
18:59 of 1st period - Snap shot by Artemi Panarin.
18:59 of 1st period - Stopped by Joonas Korpisalo with a rebound.
19:15 of 1st period - Wrist shot by Marcus Foligno.
19:15 of 1st period - Stopped by Joonas Korpisalo with a rebound.
19:17 of 1st period - Slapshot by Dmitry Kulikov.
19:17 of 1st period - Stopped by Joonas Korpisalo with a rebound.
19:19 of 1st period - Backhand shot by Dmitry Kulikov.
19:19 of 1st period - Stopped by Joonas Korpisalo with a rebound.
19:21 of 1st period - Slapshot by Marcus Foligno.
19:21 of 1st period - Stopped by Joonas Korpisalo with a rebound.
19:33 of 1st period - Wrist shot by Teuvo Teravainen.
19:33 of 1st period - Stopped by Joonas Korpisalo with a rebound.
19:35 of 1st period - Snap shot by Teuvo Teravainen.
19:35 of 1st period - Stopped by Joonas Korpisalo without a rebound.
19:36 of 1st period - Aleksander Barkov wins face-off versus Dylan Strome in Vancouver Canucks zone.
Goals for this period are 0 for Vancouver Canucks vs 1 for New York Rangers.
Shots for this period are 8 for Vancouver Canucks vs 15 for New York Rangers.
2nd period
0:01 of 2nd period - Aleksander Barkov wins face-off versus Nathan MacKinnon in neutral zone.
0:47 of 2nd period - Wrist shot by Clayton Keller.
0:47 of 2nd period - Shot Misses the Net.
0:49 of 2nd period - Snap shot by Anton Lundell.
0:49 of 2nd period - Deflect By Joe Pavelski.
0:49 of 2nd period - Shot Blocked by Cam Fowler.
0:49 of 2nd period - Puck is out of play.
0:50 of 2nd period - Anton Lundell wins face-off versus Joe Pavelski in New York Rangers zone.
0:51 of 2nd period - Wrist shot by Artturi Lehkonen.
0:51 of 2nd period - Shot Misses the Net.
0:53 of 2nd period - Wrist shot by Taylor Raddysh.
0:53 of 2nd period - Shot Misses the Net.
0:55 of 2nd period - Snap shot by Jacob Bernard-Docker.
0:55 of 2nd period - Stopped by Igor Shesterkin without a rebound.
0:56 of 2nd period - Nathan MacKinnon wins face-off versus Aleksander Barkov in New York Rangers zone.
3:31 of 2nd period - Aleksander Barkov is hit by Nathan MacKinnon and loses puck.
4:35 of 2nd period - Snap shot by Robby Fabbri.
4:35 of 2nd period - Shot Misses the Net.
4:47 of 2nd period - Wrist shot by Robby Fabbri.
4:47 of 2nd period - Stopped by Igor Shesterkin without a rebound.
4:48 of 2nd period - Casey Mittelstadt wins face-off versus Nathan MacKinnon in New York Rangers zone.
5:27 of 2nd period - Mathew Barzal is hit by Noah Hanifin and loses puck.
5:50 of 2nd period - Wrist shot by Aleksander Barkov.
5:50 of 2nd period - Shot Blocked by Nikolaj Ehlers.
6:20 of 2nd period - Artemi Panarin is hit by Jacob Bernard-Docker and loses puck.
6:44 of 2nd period - Jake Bean is hit by Mathew Barzal.
7:09 of 2nd period - Joe Pavelski is hit by Jesperi Kotkaniemi and loses puck.
7:41 of 2nd period - Icing by Cam Fowler.
7:42 of 2nd period - Casey Mittelstadt wins face-off versus David Kampf in New York Rangers zone.
7:43 of 2nd period - Wrist shot by Mikko Rantanen.
7:43 of 2nd period - Shot Misses the Net.
7:53 of 2nd period - Slapshot by Jake Walman.
7:53 of 2nd period - Stopped by Joonas Korpisalo with a rebound.
7:55 of 2nd period - Wrist shot by Marcus Foligno.
7:55 of 2nd period - Stopped by Joonas Korpisalo without a rebound.
7:56 of 2nd period - Nathan MacKinnon wins face-off versus Aleksander Barkov in Vancouver Canucks zone.
8:46 of 2nd period - Teuvo Teravainen is hit by Mikko Rantanen and loses puck.
9:37 of 2nd period - Noah Hanifin is hit by Dmitry Kulikov and loses puck.
10:01 of 2nd period - Minor Penalty to Jake Walman for Interference.
10:02 of 2nd period - Casey Mittelstadt wins face-off versus David Kampf in New York Rangers zone.
10:03 of 2nd period - Wrist shot by Artturi Lehkonen.
10:03 of 2nd period - Shot Blocked by Teuvo Teravainen.
10:05 of 2nd period - Wrist shot by Artturi Lehkonen.
10:05 of 2nd period - Shot Hit the Post.
10:07 of 2nd period - Slapshot by Noah Hanifin.
10:07 of 2nd period - Goal by Noah Hanifin - Vancouver Canucks : 1 - New York Rangers : 1.
10:08 of 2nd period - Anton Lundell wins face-off versus Nathan MacKinnon in neutral zone.
10:13 of 2nd period - Wrist shot by Miro Heiskanen.
10:13 of 2nd period - Shot Blocked by Jake McCabe.
10:15 of 2nd period - Snap shot by Taylor Raddysh.
10:15 of 2nd period - Shot Misses the Net.
10:17 of 2nd period - Wrist shot by Anton Lundell.
10:17 of 2nd period - Goal by Anton Lundell - Vancouver Canucks : 2 - New York Rangers : 1.
10:18 of 2nd period - Dylan Strome wins face-off versus Casey Mittelstadt in neutral zone.
10:21 of 2nd period - Casey Mittelstadt is hit by Mathew Barzal and loses puck.
10:34 of 2nd period - Wrist shot by Mikko Rantanen.
10:34 of 2nd period - Stopped by Igor Shesterkin with a rebound.
11:02 of 2nd period - Icing by Nathan MacKinnon.
11:03 of 2nd period - Nathan MacKinnon wins face-off versus Anton Lundell in New York Rangers zone.
11:18 of 2nd period - Wrist shot by Artturi Lehkonen.
11:18 of 2nd period - Shot Misses the Net.
12:26 of 2nd period - Wrist shot by Artturi Lehkonen.
12:26 of 2nd period - Shot Blocked by Brendan Smith.
12:28 of 2nd period - Snap shot by Taylor Raddysh.
12:28 of 2nd period - Stopped by Igor Shesterkin without a rebound.
12:29 of 2nd period - Joe Pavelski wins face-off versus Anton Lundell in New York Rangers zone.
12:42 of 2nd period - Backhand shot by Miro Heiskanen.
12:42 of 2nd period - Shot Misses the Net.
13:33 of 2nd period - Minor Penalty to Jacob Bernard-Docker for Tripping.
13:34 of 2nd period - Nathan MacKinnon wins face-off versus Ty Dellandrea in Vancouver Canucks zone.
13:55 of 2nd period - Nathan MacKinnon is hit by Noah Hanifin and loses puck.
14:04 of 2nd period - Slapshot by Jake Walman.
14:04 of 2nd period - Deflect By Artemi Panarin.
14:04 of 2nd period - Shot Misses the Net.
14:04 of 2nd period - Puck is out of play.
14:05 of 2nd period - Dylan Strome wins face-off versus Aleksander Barkov in Vancouver Canucks zone.
14:10 of 2nd period - Snap shot by Cole Caufield.
14:10 of 2nd period - Stopped by Joonas Korpisalo without a rebound.
14:11 of 2nd period - Dylan Strome wins face-off versus Anton Lundell in Vancouver Canucks zone.
14:40 of 2nd period - Wrist shot by Artemi Panarin.
14:40 of 2nd period - Shot Misses the Net.
14:42 of 2nd period - Slapshot by Jake Walman.
14:42 of 2nd period - Shot Blocked by Emil Martinsen Lilleberg.
14:44 of 2nd period - Slapshot by Artemi Panarin.
14:44 of 2nd period - Stopped by Joonas Korpisalo without a rebound.
14:45 of 2nd period - Nathan MacKinnon wins face-off versus Anton Lundell in Vancouver Canucks zone.
14:50 of 2nd period - Backhand shot by Artemi Panarin.
14:50 of 2nd period - Shot Misses the Net.
14:52 of 2nd period - Snap shot by Nathan MacKinnon.
14:52 of 2nd period - Deflect By Miro Heiskanen.
14:52 of 2nd period - Shot Blocked by Noah Hanifin.
14:52 of 2nd period - Puck is out of play.
14:53 of 2nd period - Nathan MacKinnon wins face-off versus Anton Lundell in Vancouver Canucks zone.
15:17 of 2nd period - Ty Dellandrea is hit by Mathew Barzal and loses puck.
15:33 of 2nd period - Penalty to Jacob Bernard-Docker is over, Jacob Bernard-Docker is back on ice.
15:44 of 2nd period - Snap shot by Nathan MacKinnon.
15:44 of 2nd period - Stopped by Joonas Korpisalo with a rebound.
15:46 of 2nd period - Slapshot by Brendan Smith.
15:46 of 2nd period - Stopped by Joonas Korpisalo with a rebound.
16:28 of 2nd period - Artturi Lehkonen is hit by Mathew Barzal and loses puck.
16:41 of 2nd period - Wrist shot by Nathan MacKinnon.
16:41 of 2nd period - Stopped by Joonas Korpisalo with a rebound.
16:43 of 2nd period - Slapshot by Nathan MacKinnon.
16:43 of 2nd period - Stopped by Joonas Korpisalo without a rebound.
16:44 of 2nd period - Joe Pavelski wins face-off versus Casey Mittelstadt in Vancouver Canucks zone.
16:49 of 2nd period - Wrist shot by Cole Caufield.
16:49 of 2nd period - Stopped by Joonas Korpisalo with a rebound.
17:09 of 2nd period - Adam Larsson is hit by Kasperi Kapanen and loses puck.
17:50 of 2nd period - Wrist shot by Robby Fabbri.
17:50 of 2nd period - Shot Misses the Net.
17:54 of 2nd period - Snap shot by Jesperi Kotkaniemi.
17:54 of 2nd period - Shot Misses the Net.
18:10 of 2nd period - Snap shot by Matias Maccelli.
18:10 of 2nd period - Stopped by Igor Shesterkin with a rebound.
18:12 of 2nd period - Slapshot by Matias Maccelli.
18:12 of 2nd period - Shot Blocked by Marcus Foligno.
18:37 of 2nd period - Cam Fowler is hit by Clayton Keller and loses puck.
18:59 of 2nd period - Slapshot by Jesperi Kotkaniemi.
18:59 of 2nd period - Deflect By Robby Fabbri.
18:59 of 2nd period - Stopped by Igor Shesterkin without a rebound.
19:00 of 2nd period - Dylan Strome wins face-off versus Kasperi Kapanen in New York Rangers zone.
19:27 of 2nd period - Jake Walman is hit by Noah Hanifin and loses puck.
19:44 of 2nd period - Jake Bean is hit by Nathan MacKinnon and loses puck.
19:57 of 2nd period - Teuvo Teravainen is hit by Jake Bean and loses puck.
Goals for this period are 2 for Vancouver Canucks vs 0 for New York Rangers.
Shots for this period are 8 for Vancouver Canucks vs 9 for New York Rangers.
3rd period
0:01 of 3rd period - Dylan Strome wins face-off versus Anton Lundell in neutral zone.
0:09 of 3rd period - Slapshot by Miro Heiskanen.
0:09 of 3rd period - Deflect By Taylor Raddysh.
0:09 of 3rd period - Stopped by Igor Shesterkin with a rebound.
0:32 of 3rd period - Snap shot by Miro Heiskanen.
0:32 of 3rd period - Shot Misses the Net.
0:55 of 3rd period - Icing by Kasperi Kapanen.
0:56 of 3rd period - Dylan Strome wins face-off versus Aleksander Barkov in Vancouver Canucks zone.
1:03 of 3rd period - Backhand shot by Mathew Barzal.
1:03 of 3rd period - Shot Blocked by Matias Maccelli.
1:10 of 3rd period - Slapshot by Teuvo Teravainen.
1:10 of 3rd period - Goal by Teuvo Teravainen - Vancouver Canucks : 2 - New York Rangers : 2.
1:11 of 3rd period - Teuvo Teravainen wins face-off versus Taylor Raddysh in neutral zone.
1:16 of 3rd period - Snap shot by Cam Fowler.
1:16 of 3rd period - Stopped by Joonas Korpisalo with a rebound.
1:38 of 3rd period - Nathan MacKinnon is hit by Kasperi Kapanen and loses puck.
1:47 of 3rd period - Snap shot by Aleksander Barkov.
1:47 of 3rd period - Stopped by Igor Shesterkin without a rebound.
1:48 of 3rd period - Nikolaj Ehlers wins face-off versus Anton Lundell in New York Rangers zone.
1:48 of 3rd period - Nikolaj Ehlers is hit by Anton Lundell.
3:11 of 3rd period - Snap shot by Conor Garland.
3:11 of 3rd period - Shot Blocked by Emil Martinsen Lilleberg.
3:13 of 3rd period - Slapshot by Jake McCabe.
3:13 of 3rd period - Stopped by Joonas Korpisalo without a rebound.
3:14 of 3rd period - Anton Lundell wins face-off versus Nathan MacKinnon in Vancouver Canucks zone.
3:30 of 3rd period - Wrist shot by Artturi Lehkonen.
3:30 of 3rd period - Shot Blocked by Jake McCabe.
3:47 of 3rd period - Slapshot by Mikko Rantanen.
3:47 of 3rd period - Stopped by Igor Shesterkin without a rebound.
3:48 of 3rd period - Dylan Strome wins face-off versus Casey Mittelstadt in New York Rangers zone.
4:47 of 3rd period - Slapshot by Nikolaj Ehlers.
4:47 of 3rd period - Stopped by Joonas Korpisalo without a rebound.
4:48 of 3rd period - Dylan Strome wins face-off versus Casey Mittelstadt in Vancouver Canucks zone.
5:05 of 3rd period - Minor Penalty to Mikko Rantanen for High sticking.
5:06 of 3rd period - Dylan Strome wins face-off versus Aleksander Barkov in Vancouver Canucks zone.
5:42 of 3rd period - Slapshot by Miro Heiskanen.
5:42 of 3rd period - Stopped by Igor Shesterkin with a rebound.
5:44 of 3rd period - Snap shot by Artturi Lehkonen.
5:44 of 3rd period - Shot Blocked by Jake Walman.
5:54 of 3rd period - Snap shot by Mathew Barzal.
5:54 of 3rd period - Stopped by Joonas Korpisalo with a rebound.
5:56 of 3rd period - Slapshot by Dylan Strome.
5:56 of 3rd period - Stopped by Joonas Korpisalo with a rebound.
7:05 of 3rd period - Penalty to Mikko Rantanen is over, Mikko Rantanen is back on ice.
7:32 of 3rd period - Icing by Adam Larsson.
7:33 of 3rd period - Casey Mittelstadt wins face-off versus David Kampf in New York Rangers zone.
7:36 of 3rd period - Wrist shot by Clayton Keller.
7:36 of 3rd period - Shot Blocked by Adam Larsson.
7:56 of 3rd period - Adam Larsson is hit by Artturi Lehkonen.
10:24 of 3rd period - Cam Fowler is hit by Emil Martinsen Lilleberg and loses puck.
10:37 of 3rd period - Slapshot by Cole Caufield.
10:37 of 3rd period - Stopped by Joonas Korpisalo with a rebound.
11:08 of 3rd period - Wrist shot by Conor Garland.
11:08 of 3rd period - Shot Blocked by Jacob Bernard-Docker.
11:10 of 3rd period - Wrist shot by Marcus Foligno.
11:10 of 3rd period - Stopped by Joonas Korpisalo with a rebound.
11:30 of 3rd period - Slapshot by Jacob Bernard-Docker.
11:30 of 3rd period - Shot Blocked by Dylan Strome.
11:32 of 3rd period - Slapshot by Jacob Bernard-Docker.
11:32 of 3rd period - Shot Blocked by Dmitry Kulikov.
11:34 of 3rd period - Slapshot by Jacob Bernard-Docker.
11:34 of 3rd period - Shot Blocked by Dylan Strome.
11:36 of 3rd period - Snap shot by Matias Maccelli.
11:36 of 3rd period - Stopped by Igor Shesterkin without a rebound.
11:37 of 3rd period - Dylan Strome wins face-off versus Anton Lundell in New York Rangers zone.
12:10 of 3rd period - Slapshot by Miro Heiskanen.
12:10 of 3rd period - Shot Misses the Net.
12:16 of 3rd period - Backhand shot by Teuvo Teravainen.
12:16 of 3rd period - Stopped by Joonas Korpisalo with a rebound.
12:18 of 3rd period - Slapshot by Jake McCabe.
12:18 of 3rd period - Stopped by Joonas Korpisalo without a rebound.
12:19 of 3rd period - Nathan MacKinnon wins face-off versus Casey Mittelstadt in Vancouver Canucks zone.
12:56 of 3rd period - Snap shot by Nikolaj Ehlers.
12:56 of 3rd period - Stopped by Joonas Korpisalo with a rebound.
13:33 of 3rd period - Snap shot by Noah Hanifin.
13:33 of 3rd period - Stopped by Igor Shesterkin with a rebound.
13:35 of 3rd period - Snap shot by Mikko Rantanen.
13:35 of 3rd period - Shot Misses the Net.
14:12 of 3rd period - Off-side.
14:13 of 3rd period - Joe Pavelski wins face-off versus Anton Lundell in neutral zone.
14:15 of 3rd period - Off-side.
14:16 of 3rd period - Anton Lundell wins face-off versus Joe Pavelski in neutral zone.
14:19 of 3rd period - Slapshot by Artturi Lehkonen.
14:19 of 3rd period - Shot Misses the Net.
14:29 of 3rd period - Snap shot by Nikolaj Ehlers.
14:29 of 3rd period - Shot Misses the Net.
14:41 of 3rd period - Slapshot by Artturi Lehkonen.
14:41 of 3rd period - Shot Misses the Net.
14:47 of 3rd period - Wrist shot by Nathan MacKinnon.
14:47 of 3rd period - Stopped by Joonas Korpisalo with a rebound.
15:03 of 3rd period - Slapshot by Emil Martinsen Lilleberg.
15:03 of 3rd period - Stopped by Igor Shesterkin without a rebound.
15:04 of 3rd period - Aleksander Barkov wins face-off versus Dylan Strome in New York Rangers zone.
15:59 of 3rd period - Snap shot by Clayton Keller.
15:59 of 3rd period - Stopped by Igor Shesterkin with a rebound.
16:01 of 3rd period - Wrist shot by Casey Mittelstadt.
16:01 of 3rd period - Stopped by Igor Shesterkin without a rebound.
16:02 of 3rd period - Anton Lundell wins face-off versus Joe Pavelski in New York Rangers zone.
16:03 of 3rd period - Snap shot by Artturi Lehkonen.
16:03 of 3rd period - Shot Misses the Net.
16:05 of 3rd period - Snap shot by Taylor Raddysh.
16:05 of 3rd period - Shot Blocked by Cam Fowler.
16:07 of 3rd period - Slapshot by Jacob Bernard-Docker.
16:07 of 3rd period - Shot Misses the Net.
16:09 of 3rd period - Wrist shot by Taylor Raddysh.
16:09 of 3rd period - Shot Misses the Net.
16:50 of 3rd period - Snap shot by Aleksander Barkov.
16:50 of 3rd period - Stopped by Igor Shesterkin with a rebound.
16:52 of 3rd period - Slapshot by Justin Schultz.
16:52 of 3rd period - Deflect By Aleksander Barkov.
16:52 of 3rd period - Shot Misses the Net.
16:52 of 3rd period - Puck is out of play.
16:53 of 3rd period - Aleksander Barkov wins face-off versus Joe Pavelski in New York Rangers zone.
17:15 of 3rd period - Minor Penalty to Jake McCabe for Slashing.
17:16 of 3rd period - Taylor Raddysh wins face-off versus Mikael Granlund in New York Rangers zone.
17:17 of 3rd period - Wrist shot by Artturi Lehkonen.
17:17 of 3rd period - Shot Blocked by Jake Walman.
17:19 of 3rd period - Slapshot by Emil Martinsen Lilleberg.
17:19 of 3rd period - Shot Blocked by Jake Walman.
17:21 of 3rd period - Wrist shot by Taylor Raddysh.
17:21 of 3rd period - Shot Misses the Net.
19:15 of 3rd period - Penalty to Jake McCabe is over, Jake McCabe is back on ice.
19:52 of 3rd period - Mikko Rantanen is hit by Jake Walman and loses puck.
Goals for this period are 0 for Vancouver Canucks vs 1 for New York Rangers.
Shots for this period are 10 for Vancouver Canucks vs 12 for New York Rangers.
Overtime #1
0:01 of 1st overtime period - Casey Mittelstadt wins face-off versus Nathan MacKinnon in neutral zone.
0:06 of 1st overtime period - Snap shot by Mikko Rantanen.
0:06 of 1st overtime period - Shot Misses the Net.
0:35 of 1st overtime period - Snap shot by Dylan Strome.
0:35 of 1st overtime period - Deflect By Teuvo Teravainen.
0:35 of 1st overtime period - Shot Misses the Net.
0:35 of 1st overtime period - Puck is out of play.
0:36 of 1st overtime period - Nathan MacKinnon wins face-off versus Aleksander Barkov in Vancouver Canucks zone.
0:47 of 1st overtime period - Snap shot by Nathan MacKinnon.
0:47 of 1st overtime period - Shot Misses the Net.
0:49 of 1st overtime period - Slapshot by Artemi Panarin.
0:49 of 1st overtime period - Deflect By Nathan MacKinnon.
0:49 of 1st overtime period - Stopped by Joonas Korpisalo with a rebound.
0:51 of 1st overtime period - Slapshot by Adam Larsson.
0:51 of 1st overtime period - Deflect By Aleksander Barkov.
0:51 of 1st overtime period - Stopped by Joonas Korpisalo without a rebound.
0:52 of 1st overtime period - Casey Mittelstadt wins face-off versus Dylan Strome in Vancouver Canucks zone.
1:09 of 1st overtime period - Jake Bean is hit by Dylan Strome and loses puck.
1:21 of 1st overtime period - Icing by Cam Fowler.
1:22 of 1st overtime period - Dylan Strome wins face-off versus Aleksander Barkov in New York Rangers zone.
1:33 of 1st overtime period - Slapshot by Clayton Keller.
1:33 of 1st overtime period - Deflect By Aleksander Barkov.
1:33 of 1st overtime period - Shot Blocked by Adam Larsson.
1:33 of 1st overtime period - Puck is out of play.
1:34 of 1st overtime period - Aleksander Barkov wins face-off versus Dylan Strome in New York Rangers zone.
1:41 of 1st overtime period - Snap shot by Clayton Keller.
1:41 of 1st overtime period - Deflect By Aleksander Barkov.
1:41 of 1st overtime period - Stopped by Igor Shesterkin without a rebound.
1:42 of 1st overtime period - Dylan Strome wins face-off versus Aleksander Barkov in New York Rangers zone.
1:50 of 1st overtime period - Icing by Teuvo Teravainen.
1:51 of 1st overtime period - Dylan Strome wins face-off versus Casey Mittelstadt in New York Rangers zone.
1:56 of 1st overtime period - Wrist shot by Dylan Strome.
1:56 of 1st overtime period - Shot Blocked by Miro Heiskanen.
3:13 of 1st overtime period - Icing by Artemi Panarin.
3:14 of 1st overtime period - Casey Mittelstadt wins face-off versus Dylan Strome in New York Rangers zone.
4:40 of 1st overtime period - Dylan Strome is hit by Emil Martinsen Lilleberg and loses puck.
4:45 of 1st overtime period - Slapshot by Jesperi Kotkaniemi.
4:45 of 1st overtime period - Shot Misses the Net.
4:47 of 1st overtime period - Slapshot by Noah Hanifin.
4:47 of 1st overtime period - Shot Blocked by Brendan Smith.
Goals for this period are 0 for Vancouver Canucks vs 0 for New York Rangers.
Shots for this period are 1 for Vancouver Canucks vs 2 for New York Rangers.
ShootOut
5:00 of 1st overtime period - Round #1.
5:00 of 1st overtime period - Vancouver Canucks, Aleksander Barkov.
5:00 of 1st overtime period - Snap shot by Aleksander Barkov.
5:00 of 1st overtime period - Stopped by Igor Shesterkin.
5:00 of 1st overtime period - New York Rangers, Cole Caufield.
5:00 of 1st overtime period - Wrist shot by Cole Caufield.
5:00 of 1st overtime period - Stopped by Joonas Korpisalo.
5:00 of 1st overtime period - Round #2.
5:00 of 1st overtime period - Vancouver Canucks, Mikko Rantanen.
5:00 of 1st overtime period - Wrist shot by Mikko Rantanen.
5:00 of 1st overtime period - Stopped by Igor Shesterkin.
5:00 of 1st overtime period - New York Rangers, Artemi Panarin.
5:00 of 1st overtime period - Wrist shot by Artemi Panarin.
5:00 of 1st overtime period - Shot Misses the Net.
5:00 of 1st overtime period - Round #3.
5:00 of 1st overtime period - Vancouver Canucks, Clayton Keller.
5:00 of 1st overtime period - Deke by Clayton Keller.
5:00 of 1st overtime period - Stopped by Igor Shesterkin.
5:00 of 1st overtime period - New York Rangers, David Kampf.
5:00 of 1st overtime period - Snap shot by David Kampf.
5:00 of 1st overtime period - Goal by David Kampf.
Back to the Top